 Dungeon Crawl Stone Soup version 0.18-a0-912-g81d1dc4 (webtiles) character file.

52 JokEr the Insei (level 3, -2/24 HPs)
             Began as an Octopode Transmuter on Dec 25, 2015.
             Slain by a worm (11 damage)
             ... on level 2 of the Dungeon.
             The game lasted 00:03:26 (1593 turns).

JokEr the Insei (Octopode Transmuter)               Turns: 1593, Time: 00:03:26

Health: -2/24      AC:  1    Str:  9    XL:     3   Next: 85%
Magic:  5/6        EV: 12    Int: 16    God:
Gold:   43         SH:  0    Dex: 12    Spells: 1 memorised, 5 levels left

rFire  . . .     SeeInvis .       - Unarmed
rCold  . . .     Gourm    .     (no shield)
rNeg   . . .     Faith    .     (helmet restricted)
rPois  .         Spirit   .     (no amulet)
rElec  .         Dismiss  .     (no ring)
rCorr  .         Reflect  .     (no ring)
SustAt .         Harm     .     (no ring)
MR     .....                    (no ring)
Stlth  ++........               (no ring)
                                (no ring)
                                (no ring)
                                (no ring)

@: appendage, not resistant to hostile enchantments, unstealthy
A: almost no armour, amphibious, 8 rings, constrict 8, tentacle spike 3,
camouflage 1, gelatinous body 1
a: End Transformation


You were on level 2 of the Dungeon.
You were not hungry.
One of your tentacles had a temporary spike.
You visited 1 branch of the dungeon, and saw 2 of its levels.

You collected 43 gold pieces.

Inventory:

Missiles
 a - 39 arrows
Jewellery
 g - an uncursed ring of ice {unknown}
Scrolls
 d - 4 scrolls of identify {unknown}
 e - a scroll of amnesia {unknown}
 f - a scroll of teleportation {unknown}
 h - a scroll of remove curse {unknown}
 i - a scroll of enchant armour {unknown}
Potions
 c - a potion of lignification {unknown}
 k - a potion of heal wounds {unknown}
Books
 b - a book of Changes

   Spells                             Type                      Level
   a - Beastly Appendage              Transmutation                1
   b - Sticks to Snakes               Transmutation                2
   c - Spider Form                    Transmutation/Poison         3
   d - Ice Form                       Ice/Transmutation            4
   e - Blade Hands                    Transmutation                5
Comestibles
 j - a beef jerky
 l - 2 chunks of flesh


   Skills:
 + Level 2.1 Fighting
 - Level 2.0 Dodging
 + Level 3.6 Unarmed Combat
 - Level 2.0 Spellcasting
 + Level 2.7 Transmutations


You had 5 spell levels left.
You knew the following spells:

 Your Spells              Type           Power        Failure   Level  Hunger
a - Beastly Appendage     Trmt           ##....       10%         1    #......


Dungeon Overview and Level Annotations

Branches:
Dungeon (2/15)

Altars:
The Shining One


Innate Abilities, Weirdness & Mutations

You cannot wear most types of armour.
You are amphibious.
You can wear up to eight rings at the same time.
You can use your tentacles to constrict eight enemies at once.
Your skin changes colour to match your surroundings (Stealth).
Your rubbery body absorbs attacks (AC +1).
One of your tentacles bears a large vicious spike.


Message History

Your tentacle spike misses the bat.
You feel sick. The bat barely misses you. The bat closely misses you.
You tentacle-slap the bat.
You kill the bat!
No target in view!
You butcher the adder corpse.
l - 2 chunks of flesh Your tentacle spike disappears.
You feel sick.
You start resting.
You feel sick.
A worm is nearby!
You start resting.
You feel sick.
You feel sick.
You are no longer poisoned.
Casting: Beastly Appendage
Confirm with . or Enter, or press ? or * to list all spells.
One of your tentacles grows a vicious spike.
The worm bites you!
You die...

... ###.#.# #...... ##
..# #.....###...... ..
..# #.......#.... ..
...#.# #.....#.!... #...
..##.# #.....##..##.....
...#.#####.#.##..)..#...
##.#.#........$.(###....
.......###.#..#..w....#
..(##### #.##.#.@.###.#
....# #.##....##
.#...... ...###..#
.#>.##.. ...............
>.......................
####... ................
.#.. ............... ##.
#.###.......... #.
#.#........


You could see a worm.

Vanquished Creatures
  An adder (D:2)
  An ooze (D:1)
  A worm (D:2)
  4 goblins
  4 hobgoblins
  2 ball pythons (D:1)
  6 bats
  4 giant cockroaches
  A giant newt (D:1)
  6 kobolds
  7 rats (D:1)
37 creatures vanquished.

Notes
Turn   | Place    | Note
--------------------------------------------------------------
     0 | D:1      | JokEr the Octopode Transmuter began the quest for the Orb.
     0 | D:1      | Reached XP level 1. HP: 13/13 MP: 3/3
    45 | D:1      | Reached XP level 2. HP: 12/18 MP: 3/5
   766 | D:1      | Found a glowing golden altar of the Shining One.
   971 | D:1      | Reached XP level 3. HP: 24/24 MP: 4/6
  1593 | D:2      | Slain by a worm

Vault maps used:
D:1:      dpeg_arrival_prison, st_stairs_9, minmay_misc_feat_encased, tso_altar

Action                   || total
-------------------------++-------
Melee: Unarmed           ||    84
 Cast: Beastly Appendage ||    13
 Stab: Sleeping          ||     7
  Eat: Bread ration      ||     1
